 Dungeon Crawl Stone Soup version 0.15.2 (webtiles) character file.

16 Screech the Ogre Mage (level 2, 0/24 HPs)
             Began as an Ogre Wizard on Dec 3, 2014.
             Slain by a worker ant (1 damage)
             ... on Level 1 of the Dungeon.
             The game lasted 00:07:51 (1172 turns).

Screech the Ogre Mage (Ogre Wizard)                 Turns: 1172, Time: 00:07:53

HP   0/24        AC  3     Str 11      XL: 2   Next: 58%
MP   2/7         EV  9     Int 17      God:
Gold 75          SH  0     Dex  8      Spells:  2 memorised,  6 levels left

rFire  . . .     SeeInvis .     l - +0 whip
rCold  . . .     Clarity  .     a - +0 robe
rNeg   . . .     rCorr    .     (shield restricted)
rPois  .         rRot     .     b - +0 hat
rElec  .         Spirit   .     (no cloak)
SustAb .         Warding  .     (gloves unavailable)
rMut   .         Stasis   .     (boots unavailable)
Gourm  .                        (no amulet)
MR     .....                    (no ring)
                                (no ring)

@: lethally poisoned, very slightly contaminated, not resistant to hostile
enchantments, very unstealthy
A: unfitting armour, tough skin 1
a: no special abilities


You were on level 1 of the Dungeon.
You were not hungry.

You visited 1 branch of the dungeon, and saw 1 of its levels.

You collected 75 gold pieces.

Inventory:

Hand weapons
 e - a +0 dagger
 l - a +0 whip (weapon)
Armour
 a - a +0 robe (worn)
 b - a +0 hat (worn)
Comestibles
 d - a meat ration
 m - 3 rotting chunks of hobgoblin flesh
Scrolls
 g - a scroll of fear {unknown}
 h - a scroll of remove curse {unknown}
 j - a scroll of teleportation {unknown}
 n - a scroll of recharging {unknown}
Potions
 f - a potion of curing {unknown}
 i - a potion of resistance {unknown}
 k - a potion of cure mutation {unknown}
 o - a potion of agility {unknown}
Books
 c - a book of Minor Magic

   Spells                             Type                      Level
   *Magic Dart                        Conjuration                  1
   Blink                              Translocation                2
   *Call Imp                          Summoning                    2
   Repel Missiles                     Charms/Air                   2
   Slow                               Hexes                        2
   Conjure Flame                      Conjuration/Fire             3
   Mephitic Cloud                     Conjuration/Poison/Air       3


   Skills:
 + Level 0.3 Maces & Flails
 - Level 1.7 Dodging
 - Level 1.7 Stealth
 + Level 4.2 Spellcasting
 + Level 0.8 Conjurations
 + Level 0.6 Summonings
   Level 0.6 Translocations


You had 6 spell levels left.
You knew the following spells:

 Your Spells              Type           Power        Failure   Level  Hunger
a - Magic Dart            Conj           #...         14%         1    None
b - Call Imp              Summ           #.......     21%         2    ##.....


Dungeon Overview and Level Annotations

Branches:
Dungeon (1/15)

Altars:


Innate Abilities, Weirdness & Mutations

You are too large for most types of armour.
You have tough skin (AC +1).


Message History

The worker ant is heavily wounded.
You feel sick. The worker ant bites you.
* * * LOW HITPOINT WARNING * * *
You are more poisoned.
The worker ant poisons you! The worker ant bites you.
* * * LOW HITPOINT WARNING * * *
You are more poisoned.
The worker ant poisons you!
Casting: Call Imp
Confirm with . or Enter, or press ? or * to list all spells.
Aiming: Magic Dart
Press: ? - help, Shift-Dir - straight line, f/p - worker ant
Aim: a worker ant (heavily wounded)
The magic dart hits the worker ant.
The worker ant is heavily wounded.
* * * LOW HITPOINT WARNING * * *
You feel sick.
Your crimson imp disappears in a puff of smoke!
The worker ant bites you.
You die...

#............# #.#....#...##....
#............###.#....#...##....
######........##.......##........
.........#....##....#.###........
.........#....##....#.###.......#
.........#....##....#.#...#)#.(..
.........#....##......#.....#....
...)...........#....#.......#....
...............)@a..#.#.....# ...
...............####..ยง.%#...#
... ...............# #######.###
. ...............# ..#
...............# ####
#############.#### ##.##.#
#.....# #..##.#


You could see a worker ant.

Vanquished Creatures
  2 giant cockroaches (D:1)
  2 goblins (D:1)
  2 hobgoblins (D:1)
  2 kobolds (D:1)
  A bat (D:1)
  2 giant geckos (D:1)
  A giant newt (D:1)
  4 rats (D:1)
16 creatures vanquished.

Notes
Turn   | Place    | Note
--------------------------------------------------------------
     0 | D:1      | Screech, the Ogre Wizard, began the quest for the Orb.
     0 | D:1      | Reached XP level 1. HP: 16/16 MP: 4/4
   441 | D:1      | Reached skill level 4 in Spellcasting
   509 | D:1      | Reached XP level 2. HP: 9/24 MP: 1/7
   793 | D:1      | Learned a level 2 spell: Call Imp
  1172 | D:1      | HP: 1/24 [poisoned by a worker ant]
  1172 | D:1      | Slain by a worker ant

Action                   || total
-------------------------++-------
Melee: Unarmed           ||    28
       Dagger            ||     6
       Whip              ||    17
 Cast: Magic Dart        ||    35
       Call Imp          ||     1
  Eat: Chunk             ||     1
